 Dungeon Crawl Stone Soup version 0.32-a0-599-gba8f9cf90e (webtiles) character file.

Game seed: 5061021827331789488

13 ragingrage the Sneak (level 2, 0/24 HPs)
             Began as a Formicid Delver on Mar 3, 2024.
             Slain by a hound (5 damage)
             ... on level 2 of the Dungeon.
             The game lasted 00:01:15 (896 turns).

ragingrage the Sneak (Formicid Delver)               Turns: 896, Time: 00:01:16

Health: 0/24       AC:  3    Str: 16    XL:     2   Next: 50%
Magic:  2/2        EV: 12    Int:  9    God:
Gold:   53         SH:  0    Dex: 15    Spells: 1/1 levels left

rFire   . . .        a - +0 short sword
rCold   . . .        (no shield)
rNeg    . . .        b - +0 leather armour
rPois   .            (helmet unavailable)
rElec   .            (no cloak)
rCorr   .            (no gloves)
SInv    +            (no boots)
Will    .....        (no amulet)
Stlth   +++          (no ring)
HPRegen 0.24/turn    (no ring)
MPRegen 0.08/turn

%: no passive effects
@: no status effects
A: permanent stasis, dig shafts and tunnels, antennae 3, four strong arms
a: Dig, Shaft Self


You were on level 2 of the Dungeon.
You visited 1 branch of the dungeon, and saw 4 of its levels.

You collected 53 gold pieces.

Inventory:

Hand Weapons
 a - a +0 short sword (weapon)
Armour
 b - a +0 leather armour (worn)
Wands
 f - a wand of digging (3)
 i - a wand of polymorph (10)
Scrolls
 c - a scroll of fog
 d - a scroll of revelation
 e - a scroll of silence {unknown}
 h - a scroll of enchant weapon
Potions
 g - a potion of heal wounds {unknown}


   Skills:
 - Level 3.2 Fighting
 + Level 3.0 Short Blades
 - Level 1.7 Dodging
 - Level 6.0 Stealth


You had one spell level left.
You didn't know any spells.
Your spell library contained the following spells:

 Spells                   Type           Power      Damage    Failure   Level
 Lesser Beckoning         Tloc           0%         N/A       58%         2
 Gell's Gravitas          Tloc           0%         N/A       83%         3
 Teleport Other           Tloc           0%         N/A       83%         3


Dungeon Overview and Level Annotations

Branches:
Dungeon (5/15)
 Temple: D:4-7

Altars:
Nemelex Xobeh

Annotations:
D:4 exclusions: bullfrog and iguana


Innate Abilities, Weirdness & Mutations

You cannot be hasted, slowed, berserked, paralysed or teleported.
You can dig through walls and to a lower floor.
You have a pair of large antennae on your head. (SInv)
Your four strong arms can wield two-handed weapons with a shield.


Message History

There is an escape hatch in the floor here.
There is a stone staircase leading down here.
You climb downwards.
There is a stone staircase leading up here.
A hound is nearby!
A goblin comes into view. It is wielding a +0 dagger.
There is a stone staircase leading up here.
The hound bites you but does no damage.
You climb upwards.
There is a stone staircase leading down here.
You hit the hound. The hound barely misses you. The hound closely misses you.
You miss the hound. The hound barely misses you.
You hit the hound but do no damage. The hound bites you.
You barely miss the hound. The hound misses you.
You barely miss the hound. The hound bites you. x2
You closely miss the hound. The hound barely misses you.
You hit the hound but do no damage. The hound closely misses you.
You hit the hound. The hound misses you. The hound bites you.
You are too injured to fight recklessly!
You are too injured to fight recklessly!
You are too injured to fight recklessly!
You are too injured to fight recklessly!
You are too injured to fight recklessly!
You are too injured to fight recklessly!
You are too injured to fight recklessly!
You are too injured to fight recklessly!
You closely miss the hound. The hound bites you.
You miss the hound. The hound barely misses you.
You closely miss the hound. The hound bites you. The hound barely misses you.
You barely miss the hound. The hound completely misses you.
You hit the hound. The hound barely misses you.
You hit the hound. The hound bites you.
You hit the hound. The hound bites you. The hound barely misses you.
You hit the hound. The hound closely misses you.
You barely miss the hound. The hound bites you.
* * * LOW HITPOINT WARNING * * *
You hit the hound. The hound misses you.
You hit the hound but do no damage. The hound closely misses you.
The hound bites you.
You die...

..# ... ###
### #..##..
### #...#..
#.. ......
#.# # #....
#.# #
#...###.# #
#......# #
#....h###
##### #
#....@..#
#...# #
#######.#
#.#.# # #.#
#.#.# #
#.####.#.####
#
#..>.#.#.#..#
######
#######
####.#.#.#..#
.....#
#.....#
#.#.#.#..#
..(<.#
#.....#
#.#.#....#
.....#
#.....####
#........#


You could see a hound.

Vanquished Creatures
  A dart slug (D:3)
  3 orcs (D:5)
  A bat (D:2)
  An endoplasm (D:2)
  A kobold (D:2)
7 creatures vanquished.

Notes
Turn   | Place    | Note
-------+----------+-------------------------------------------
     0 | D:5      | ragingrage the Formicid Delver began the quest for the Orb.
     0 | D:5      | Reached XP level 1. HP: 18/18 MP: 1/1
   215 | D:5      | Reached XP level 2. HP: 24/24 MP: 2/2
   412 | D:4      | Noticed a bullfrog
   485 | D:3      | Found a sparkling altar of Nemelex Xobeh.
   506 | D:3      | HP: 1/24 [hound (3)]
   896 | D:2      | Slain by a hound

Illustrated notes

Levels and vault maps discovered:
D:2:      layout_basic, uniq_sigmund
D:3:      layout_rooms, nemelex_xobeh_ov_fountains_minmay,
          chequers_serial_rivers_micro_d, uniq_robin
D:4:      gammafunk_steamed_eel, layout_basic, grunt_dithmenos_smoke,
          hangedman_feature_mirror
D:5:      layout_basic, vehumet_altar_wand_db, fedhas_bush_and_centaur_altar,
          mainiacjoe_overflow_alcove_4, nicolae_hepliaklqana_hazy_memory,
          minmay_temple_entry_glass

Skill      XL: |  1  2 |
---------------+-------+-----
Short Blades   | 3 |  3.0
Fighting       | |  3.2
Dodging        | |  1.7
Stealth        | |  6.0

Action                     || total
---------------------------++-------
  Melee: Short sword       ||    65
    Use: Scroll            ||     2
   Stab: Distracted        ||     1
         Sleeping          ||     2
 Armour: Leather armour    ||    38
  Dodge: Dodged            ||    36

Table legend: (Time is in decaauts)
 A = Elapsed time spent in this place.
 B = Non-inter-level travel time spent in this place.
 C = Inter-level travel time spent in this place.
 D = Time resting spent in this place.
 E = Time spent auto-exploring this place.
 F = Levels seen in this place.
 G = Mean time per level.
                   A        B        C        D        E       F      G
               +--------+--------+--------+--------+--------+-----+--------+
         Total |    887 |    786 |    101 |    267 |    309 |   4 |  221.8 |
       Dungeon |    887 |    786 |    101 |    267 |    309 |   4 |  221.8 |
               +--------+--------+--------+--------+--------+-----+--------+

Top non-repeatable levels by time:
     D:2: 362 daAuts
     D:5: 351 daAuts
     D:4: 120 daAuts
     D:3: 53 daAuts
